 Dungeon Crawl Stone Soup version 0.22-a0-240-g539252a (webtiles) character file.

6300 wolfsongas the Magician (level 10, -4/76 HPs)
             Began as a Gnoll Ice Elementalist on Feb 22, 2018.
             Was a High Priest of Cheibriados.
             Slain by an eight-headed hydra (5 damage)
             ... on level 9 of the Dungeon.
             The game lasted 00:31:22 (10652 turns).

wolfsongas the Magician (Gnoll Ice Elementalist)   Turns: 10652, Time: 00:31:23

Health: -4/76      AC: 13    Str: 22    XL:     10   Next: 95%
Magic:  1/21       EV: 19    Int: 36    God:    Cheibriados [*****.]
Gold:   266        SH:  0    Dex: 26    Spells: 12/24 levels left

rFire    . . .     SeeInvis .   v - -3 executioner's axe
rCold    . . .     Gourm    .   (shield currently unavailable)
rNeg     . . .     Faith    .   l - +3 leather armour {rPois}
rPois    +         Spirit   .   u - +0 hat {MR+}
rElec    .         Reflect  .   i - +2 cloak
rCorr    .         Harm     .   n - +2 pair of gloves {archery}
MR       +....                  (no boots)
Stlth    ++++......             (no amulet)
HPRegen  0.22/turn              d - +4 ring of intelligence
MPRegen  0.17/turn              (no ring)

@: very slightly contaminated, very slow
A: distributed training, fangs 1, strong nose
a: Bend Time, Temporal Distortion, Slouch, Step From Time, Renounce Religion


You were on level 9 of the Dungeon.
You worshipped Cheibriados.
Cheibriados was extremely pleased with you.
You were not hungry.

You visited 1 branch of the dungeon, and saw 9 of its levels.

You collected 468 gold pieces.
You spent 202 gold pieces at shops.

Inventory:

Hand Weapons
 v - a -3 executioner's axe (weapon)
Missiles
 c - 171 stones (quivered)
Armour
 a - a +0 shield
 i - a +2 cloak (worn)
 l - a +3 leather armour of poison resistance (worn)
 n - a +2 pair of gloves of archery (worn)
 o - a +0 plate armour
 u - a +0 hat of magic resistance (worn)
Magical Staves
 s - an uncursed staff of summoning
Jewellery
 d - a +4 ring of intelligence (left hand)
Wands
 e - a wand of disintegration (4)
 k - a wand of iceblast (5)
 q - a wand of acid (9)
 y - a wand of flame (24)
Scrolls
 m - 3 scrolls of identify
 p - a scroll of amnesia
 r - 2 scrolls of remove curse
 t - a scroll of teleportation
Potions
 f - a potion of resistance
 g - 2 potions of heal wounds
 h - 3 potions of curing
 j - a potion of lignification
 x - a potion of flight
Comestibles
 b - 10 rations
 z - 6 chunks of flesh


   Skills:
 + Level 5.6 Fighting
 + Level 5.6 Short Blades
 + Level 5.6 Long Blades
 + Level 5.6 Axes
 + Level 5.6 Maces & Flails
 + Level 5.6 Polearms
 + Level 5.6 Staves
 + Level 5.6 Slings
 + Level 5.6 Bows
 + Level 5.6 Crossbows
 + Level 5.6 Throwing
 + Level 5.6 Armour
 + Level 7.3 Dodging
 + Level 7.1 Stealth
 + Level 5.6 Shields
 + Level 5.6 Unarmed Combat
 + Level 7.6 Spellcasting
 + Level 5.2 Conjurations
 + Level 4.6 Hexes
 + Level 4.6 Charms
 + Level 4.6 Summonings
 + Level 4.6 Necromancy
 + Level 4.6 Translocations
 + Level 4.6 Transmutations
 + Level 4.6 Fire Magic
 + Level 7.3 Ice Magic
 + Level 4.6 Air Magic
 + Level 4.6 Earth Magic
 + Level 4.6 Poison Magic
 + Level 6.2 Invocations
 + Level 5.6 Evocations


You had 12 spell levels left.
You knew the following spells:

 Your Spells              Type           Power        Failure   Level  Hunger
a - Freeze                Ice            ####         1%          1    None
b - Ozocubu's Armour      Chrm/Ice       ######..     1%          3    None
c - Throw Frost           Conj/Ice       ######       1%          2    None
d - Summon Ice Beast      Ice/Summ       ######..     2%          4    None
e - Blink                 Tloc           N/A          1%          2    None


Dungeon Overview and Level Annotations

Branches:
Dungeon (9/15)             Temple (0/1) D:5            Lair (0/6) D:9
    Orc: D:9-12

Altars:
Cheibriados
Elyvilon
Gozag
Hepliaklqana
Nemelex Xobeh
Trog
Wu Jian
Yredelemnul

Shops:
D:5 [


Innate Abilities, Weirdness & Mutations

Your experience applies equally to all skills.
You have very sharp teeth.
Your uncanny sense of smell can sniff out nearby items.


Message History

The eight-headed hydra completely misses you.
The eight-headed hydra bites you but does no damage.
The eight-headed hydra bites you. The eight-headed hydra bites you!
The eight-headed hydra bites you. The eight-headed hydra bites you!
The eight-headed hydra bites you. The eight-headed hydra bites you!
Casting: Summon Ice Beast (safe; 2% risk of failure)
Confirm with . or Enter, or press ? or * to list all spells.
You blink.
Okay, then.
As you read the scroll of fear, it crumbles to dust.
You assume a fearsome visage.
The eight-headed hydra resists with some effort.
The eight-headed hydra bites you but does no damage. x2
The eight-headed hydra bites you. The eight-headed hydra bites you!
* * * LOW HITPOINT WARNING * * *
The eight-headed hydra bites you but does no damage.
The eight-headed hydra bites you!
* * * LOW HITPOINT WARNING * * *
The eight-headed hydra bites you.
You die...

... #.# #.# #?# #.#
#.#######.
#...D.....
#.######## #@# #D#
#.#
#ยง################
#..............)))
##################


You could see an eight-headed hydra.

Vanquished Creatures
  2 two-headed ogres
  Joseph (D:7)
  Psyche (D:8)
  The ghost of azzazzello the Covered, an amateur GnWn (D:3)
  Grum (D:9)
  Menkaure (D:4)
  A slave (D:4)
  3 orc warriors
  2 ice beasts
  3 sky beasts
  A phantom (D:4)
  2 ogres (D:4)
  2 wolves (D:9)
  2 bullfrogs
  A wyvern skeleton (D:6)
  3 scorpions
  4 wights
  A howler monkey (D:6)
  2 crimson imps
  A quasit (D:8)
  3 bullfrog zombies
  5 hounds
  2 orc priests
  A centaur zombie (D:6)
  A centaur skeleton (D:6)
  5 orc wizards
  Ijyb (D:3)
  3 worker ants
  6 adders
  2 gnolls (D:9)
  2 shadow imps
  An adder skeleton (D:4)
  An adder zombie (D:6)
  6 worms
  A dart slug (D:2)
  2 leopard geckos
  15 orcs
  5 bats
  9 giant cockroaches
  9 goblins
  8 hobgoblins
  4 jackals
  3 quokkas
  3 ball pythons
  10 frilled lizards
  8 kobolds
  A leopard gecko skeleton (D:4)
  7 rats
  A plant (D:1)
160 creatures vanquished.

Vanquished Creatures (collateral kills)
  A two-headed ogre (D:8)
  Pikel (D:5)
  The ghost of tsuxds the Cleaver, a novice MiBe of Trog (D:5)
  A centaur zombie (D:8)
  A hornet (D:8)
  An ice beast (D:8)
  A phantom (D:6)
  A black bear (D:9)
  3 ogres
  An orc warrior (D:6)
  2 centaurs
  Blork the orc (D:6)
  A gnoll sergeant (D:9)
  2 bullfrogs (D:6)
  4 scorpions
  3 wights
  5 bullfrog zombies
  2 hounds (D:6)
  A bullfrog skeleton (D:7)
  Crazy Yiuf (D:5)
  An orc priest (D:6)
  An iguana (D:7)
  An orc wizard (D:8)
  2 worker ants
  A hound skeleton (D:7)
  5 gnolls
  A howler monkey skeleton (D:6)
  2 adders
  A shadow imp (D:6)
  11 orcs
  A fungus (D:8)
61 creatures vanquished.

Vanquished Creatures (others)
  An ogre (D:5)
  A bullfrog zombie (D:6)
  A jelly (D:5)
  A hound zombie (D:6)
  An adder skeleton (D:5)
  An adder zombie (D:6)
  An orc (D:6)
  4 jackals (D:5)
  4 fungi (D:8)
15 creatures vanquished.

Grand Total: 236 creatures vanquished

Notes
Turn   | Place    | Note
-------+----------+-------------------------------------------
     0 | D:1      | wolfsongas the Gnoll Ice Elementalist began the quest for the Orb.
     0 | D:1      | Reached XP level 1. HP: 13/13 MP: 6/6
   222 | D:1      | Reached XP level 2. HP: 19/19 MP: 5/7
   827 | D:1      | Reached XP level 3. HP: 21/25 MP: 3/9
   878 | D:1      | Learned a level 3 spell: Ozocubu's Armour
   944 | D:2      | Reached skill level 5 in Spellcasting
  1071 | D:2      | Learned a level 2 spell: Throw Frost
  1562 | D:2      | Reached skill level 1 in Invocations
  1607 | D:2      | Reached skill level 1 in Fighting
  1607 | D:2      | Reached skill level 1 in Short Blades
  1607 | D:2      | Reached skill level 1 in Long Blades
  1607 | D:2      | Reached skill level 1 in Axes
  1607 | D:2      | Reached skill level 1 in Maces & Flails
  1607 | D:2      | Reached skill level 1 in Polearms
  1607 | D:2      | Reached skill level 1 in Staves
  1607 | D:2      | Reached skill level 1 in Slings
  1607 | D:2      | Reached skill level 1 in Bows
  1607 | D:2      | Reached skill level 1 in Crossbows
  1607 | D:2      | Reached skill level 1 in Throwing
  1607 | D:2      | Reached skill level 1 in Armour
  1607 | D:2      | Reached skill level 1 in Shields
  1607 | D:2      | Reached skill level 1 in Unarmed Combat
  1607 | D:2      | Reached skill level 1 in Evocations
  1607 | D:2      | Reached XP level 4. HP: 32/32 MP: 11/11
  1805 | D:2      | Reached skill level 1 in Hexes
  1805 | D:2      | Reached skill level 1 in Charms
  1805 | D:2      | Reached skill level 1 in Summonings
  1805 | D:2      | Reached skill level 1 in Necromancy
  1805 | D:2      | Reached skill level 1 in Translocations
  1805 | D:2      | Reached skill level 1 in Transmutations
  1805 | D:2      | Reached skill level 1 in Fire Magic
  1805 | D:2      | Reached skill level 1 in Air Magic
  1805 | D:2      | Reached skill level 1 in Earth Magic
  1805 | D:2      | Reached skill level 1 in Poison Magic
  1988 | D:2      | Reached XP level 5. HP: 37/37 MP: 5/12
  2156 | D:3      | Noticed azzazzello's ghost (amateur GnWn)
  2184 | D:3      | Killed azzazzello's ghost
  2184 | D:3      | Reached XP level 6. HP: 38/44 MP: 3/13
  2710 | D:3      | Found an ornate altar of the Wu Jian Council.
  3177 | D:3      | Reached skill level 5 in Dodging
  3257 | D:3      | Noticed Ijyb
  3268 | D:3      | Killed Ijyb
  3350 | D:3      | You fall through a shaft for 2 floors!
  3350 | D:5      | Entered Level 5 of the Dungeon
  3350 | D:5      | Noticed Pikel
  3350 | D:5      | Noticed a slave
  3350 | D:5      | Noticed a slave
  3392 | D:5      | Noticed tsuxds's ghost (novice MiBe)
  3394 | D:5      | Found Zixzio Bury's Antique Armour Shop.
  3401 | D:5      | Noticed a sky beast
  3413 | D:5      | Killed a sky beast
  3416 | D:4      | Noticed a phantom
  3423 | D:4      | Killed a slave
  3465 | D:4      | Killed a phantom
  3465 | D:4      | Reached XP level 7. HP: 16/50 MP: 2/15
  3783 | D:4      | Found a white marble altar of Elyvilon.
  3979 | D:4      | Noticed Menkaure
  3991 | D:4      | Killed Menkaure
  3996 | D:4      | Reached skill level 5 in Stealth
  4130 | D:4      | Found a snail-covered altar of Cheibriados.
  4133 | D:4      | Became a worshipper of Cheibriados the Contemplative
  4216 | D:4      | Reached XP level 8. HP: 51/57 MP: 2/16
  4399 | D:4      | Found a basalt altar of Yredelemnul.
  4497 | D:4      | Learned a level 4 spell: Summon Ice Beast
  4706 | D:5      | Killed Pikel
  4801 | D:5      | Found a runed door.
  4834 | D:5      | Noticed Crazy Yiuf
  4846 | D:5      | Killed Crazy Yiuf
  5059 | D:5      | Found a staircase to the Ecumenical Temple.
  5102 | D:5      | Killed tsuxds's ghost
  5471 | D:5      | Reached * piety under Cheibriados
  5568 | D:5      | Found a sparkling altar of Nemelex Xobeh.
  5875 | D:5      | Bought a pair of embroidered gloves for 202 gold pieces
  5940 | D:6      | Reached XP level 9. HP: 65/65 MP: 10/18
  6135 | D:6      | Reached ** piety under Cheibriados
  6279 | D:6      | Found an opulent altar of Gozag.
  6289 | D:6      | Noticed Blork the orc
  6305 | D:6      | Killed Blork the orc
  6903 | D:7      | Noticed Joseph
  7117 | D:7      | Killed Joseph
  7407 | D:7      | Reached *** piety under Cheibriados
  7547 | D:6      | Reached skill level 5 in Invocations
  7630 | D:6      | Learned a level 2 spell: Blink
  8367 | D:8      | Noticed a two-headed ogre
  8382 | D:8      | Reached XP level 10. HP: 71/73 MP: 3/20
  8397 | D:8      | Killed a two-headed ogre
  8790 | D:8      | Noticed Psyche
  8813 | D:8      | Paralysed by something for 6 turns
  8821 | D:8      | Killed Psyche
  8821 | D:8      | Reached **** piety under Cheibriados
  8821 | D:8      | Reached skill level 5 in Fighting
  8821 | D:8      | Reached skill level 5 in Short Blades
  8821 | D:8      | Reached skill level 5 in Long Blades
  8821 | D:8      | Reached skill level 5 in Axes
  8821 | D:8      | Reached skill level 5 in Maces & Flails
  8821 | D:8      | Reached skill level 5 in Polearms
  8821 | D:8      | Reached skill level 5 in Staves
  8821 | D:8      | Reached skill level 5 in Slings
  8821 | D:8      | Reached skill level 5 in Bows
  8821 | D:8      | Reached skill level 5 in Crossbows
  8821 | D:8      | Reached skill level 5 in Throwing
  8821 | D:8      | Reached skill level 5 in Armour
  8821 | D:8      | Reached skill level 5 in Shields
  8821 | D:8      | Reached skill level 5 in Unarmed Combat
  8821 | D:8      | Reached skill level 5 in Evocations
  9111 | D:8      | Noticed a two-headed ogre
  9120 | D:8      | Killed a two-headed ogre
  9384 | D:8      | Found a bloodstained altar of Trog.
  9532 | D:8      | Reached skill level 5 in Conjurations
 10270 | D:9      | Found a staircase to the Lair.
 10314 | D:9      | Found a hazy altar of Hepliaklqana.
 10325 | D:9      | Reached ***** piety under Cheibriados
 10412 | D:9      | Noticed a two-headed ogre
 10425 | D:9      | Killed a two-headed ogre
 10472 | D:9      | Noticed Grum
 10490 | D:9      | Killed Grum
 10640 | D:9      | Noticed an eight-headed hydra
 10652 | D:9      | HP: 1/76 [eight-headed hydra (10)]
 10652 | D:9      | Slain by an eight-headed hydra

Vault maps used:
D:1:      eino_arrival_cavern_d, serial_forest, infiniplex_forest_clump_double,
          infiniplex_forest_lined_1, infiniplex_forest_lined_2,
          infiniplex_forest_end_2, infiniplex_forest_clump_C,
          infiniplex_forest_clump_diagonal, infiniplex_forest_clump_small
D:2:      hangedman_decor_push
D:3:      lemuel_doored_altar, minmay_misc_feat_pillars, uniq_ijyb
D:4:      kennysheep_ying_yang, cheibriados_altar_1, uniq_menkaure
D:5:      kennysheep_mini_moat, minmay_temple_entry_grid, first_ration,
          serial_shops, shop, grunt_ministairs_10, kennysheep_generic_room_12,
          uniq_pikel, uniq_crazy_yiuf_cottage
D:6:      nicolae_gozag_seed_capital, serial_undead, serial_undead_d,
          serial_undead_d, serial_undead_e, serial_undead_c, serial_undead_b,
          serial_undead_e, minmay_misc_feat_rows, uniq_blork_the_orc
D:7:      uniq_joseph
D:8:      old_forge, overflow_temple_1_default, uniq_psyche
D:9:      overflow_temple_1_default, lair_entry_dummy, uniq_grum

Skill      XL: |  1  2  3  4  5  6  7  8  9 10 |
---------------+-------------------------------+-----
Conjurations   | 2 3 4 5 |  5.2
Spellcasting   | 5 6 7 |  7.6
Invocations    | 1 2 3 4 5 6 |  6.2
Fighting       | 1 2 3 4 5 |  5.6
Short Blades   | 1 2 3 4 5 |  5.6
Long Blades    | 1 2 3 4 5 |  5.6
Axes           | 1 2 3 4 5 |  5.6
Maces & Flails | 1 2 3 4 5 |  5.6
Polearms       | 1 2 3 4 5 |  5.6
Staves         | 1 2 3 4 5 |  5.6
Slings         | 1 2 3 4 5 |  5.6
Bows           | 1 2 3 4 5 |  5.6
Crossbows      | 1 2 3 4 5 |  5.6
Throwing       | 1 2 3 4 5 |  5.6
Armour         | 1 2 3 4 5 |  5.6
Shields        | 1 2 3 4 5 |  5.6
Unarmed Combat | 1 2 3 4 5 |  5.6
Evocations     | 1 2 3 4 5 |  5.6
Hexes          | 1 2 3 4 |  4.6
Charms         | 1 2 3 4 |  4.6
Summonings     | 1 2 3 4 |  4.6
Necromancy     | 1 2 3 4 |  4.6
Translocations | 1 2 3 4 |  4.6
Transmutations | 1 2 3 4 |  4.6
Fire Magic     | 1 2 3 4 |  4.6
Air Magic      | 1 2 3 4 |  4.6
Earth Magic    | 1 2 3 4 |  4.6
Poison Magic   | 1 2 3 4 |  4.6
Dodging        | 5 6 7 |  7.3
Stealth        | 5 6 7 |  7.1
Ice Magic      | 6 7 |  7.3

Action                   |  1- 3 |  4- 6 |  7- 9 | 10-12 || total
-------------------------+-------+-------+-------+-------++-------
Melee: Unarmed           |     5 |       |       |       ||     5
       Club              |    51 |       |       |       ||    51
       Bite              |    11 |     2 |    24 |    25 ||    62
       Spear             |     9 |    87 |   178 |       ||   274
       Punch             |       |     2 |     5 |       ||     7
       Staff             |       |       |     3 |       ||     3
       Great sword       |       |       |    18 |    38 ||    56
       Executioner's axe |       |       |       |    65 ||    65
 Cast: Freeze            |    39 |    28 |    17 |       ||    84
       Throw Frost       |     8 |    47 |    61 |     6 ||   122
       Ozocubu's Armour  |     1 |     3 |       |       ||     4
       Summon Ice Beast  |       |       |    60 |    46 ||   106
       Blink             |       |       |     1 |     1 ||     2
  Use: Scroll            |     7 |     6 |     8 |     1 ||    22
       Potion            |       |     2 |     7 |       ||     9
 Stab: Sleeping          |       |     5 |     1 |     1 ||     7
       Distracted        |       |       |     2 |     1 ||     3
       Invisible         |       |       |     6 |       ||     6
  Eat: Chunk             |     2 |     6 |     6 |       ||    14
       Ration            |       |       |     3 |     1 ||     4
Armor: Robe              |     8 |       |       |       ||     8
       Leather armour    |     2 |    26 |    46 |    57 ||   131
       Skin              |       |    16 |    12 |       ||    28
Dodge: Dodged            |    47 |    55 |   145 |   148 ||   395
       Rpst.: Great sword |       |       |     6 |    11 ||    17

Table legend:
 A = Spawn XP
 B = Non-spawn XP
 C = Spawn XP percentage of total XP
 D = Spawn monster count
 E = Non-spawn monster count
 F = Spawn count percentage of total count
 G = Total turns spent on level
                    A         B        C        D         E        F      G
               +---------+---------+-------+---------+---------+-------+---------
         Total |       0 |    9000 |   0.0 |       0 |     218 |   0.0 | 10652
               +---------+---------+-------+---------+---------+-------+---------
           D:1 |       0 |      34 |   0.0 |       0 |      22 |   0.0 |   916
           D:2 |       0 |     131 |   0.0 |       0 |      26 |   0.0 |  1233
           D:3 |       0 |     320 |   0.0 |       0 |      23 |   0.0 |  1201
           D:4 |       0 |     723 |   0.0 |       0 |      15 |   0.0 |  1259
           D:5 |       0 |    1084 |   0.0 |       0 |      14 |   0.0 |  1184
           D:6 |       0 |    1100 |   0.0 |       0 |      32 |   0.0 |  1485
           D:7 |       0 |    1229 |   0.0 |       0 |      31 |   0.0 |   997
           D:8 |       0 |    2957 |   0.0 |       0 |      34 |   0.0 |  1566
           D:9 |       0 |    1422 |   0.0 |       0 |      21 |   0.0 |   811
               +---------+---------+-------+---------+---------+-------+---------
